 Dungeon Sprint DCSS version 0.18.1-50-g88ac8fd (webtiles) character file.

259 Kagutsuchi the Fighter (level 5, -7/56 HPs)
             Began as a Draconian Berserker on Oct 22, 2016.
             Was a Believer of Trog.
             Mangled by a neqoxec (8 damage)
             ... in the Dungeon (Sprint II: "The Violet Keep of Menkaure").
             The game lasted 00:00:18 (31 turns).

Kagutsuchi the Fighter (Draconian Berserker)          Turns: 31, Time: 00:00:18

Health: -7/56      AC:  5    Str: 19    XL:     5   Next: 94%
Magic:  4/4        EV: 15    Int:  7    God:    Trog [**....]
Gold:   0          SH:  0    Dex: 12    Spells: 0 memorised, 4 levels left

rFire  . . .     SeeInvis .     a - +0 falchion
rCold  . . .     Gourm    .     (armour unavailable)
rNeg   . . .     Faith    .     (no shield)
rPois  .         Spirit   .     (helmet restricted)
rElec  .         Dismiss  .     (no cloak)
rCorr  .         Reflect  .     (no gloves)
SustAt .         Harm     .     (no boots)
MR     .....     NoTele   +     (no amulet)
Stlth  +.........               (no ring)
                                (no ring)

@: exhausted, slowed, very slow, not resistant to hostile enchantments, very
unstealthy
A: unfitting armour, low mp 1, cold-blooded, AC +5
a: Berserk, Trog's Hand, Burn Spellbooks, Renounce Religion


You were in the Dungeon.
You worshipped Trog.
Trog was pleased with you.
You were not hungry.

You visited 1 branch

Inventory:

Hand Weapons
 a - a +0 falchion (weapon)
Scrolls
 h - a scroll of blinking
Potions
 c - a potion of curing
 e - a potion of haste
 f - 2 potions of magic
 g - a potion of berserk rage
Comestibles
 b - a bread ration


   Skills:
 + Level 8.4 Fighting
 + Level 7.5 Long Blades
 + Level 7.3 Dodging


You had 4 spell levels left.
You didn't know any spells.

Dungeon Overview and Level Annotations

Branches:
Dungeon (1/1)

Altars:


Innate Abilities, Weirdness & Mutations

Your plain brown scales are hard (AC +5).
Your body does not fit into most forms of armour.
You are cold-blooded and may be slowed by cold attacks.
Your magical capacity is low (-10% MP).


Message History

Unknown command.
Unknown command.
You hit the neqoxec.
The neqoxec is moderately wounded.
The crimson imp misses you. The neqoxec barely misses you.
You barely miss the neqoxec.
The neqoxec is moderately wounded.
The crimson imp blinks!
The neqoxec hits you!
* * * LOW HITPOINT WARNING * * *
The crimson imp misses you. The neqoxec misses you.
You closely miss the neqoxec.
The neqoxec is moderately wounded.
The crimson imp hits you.
* * * LOW HITPOINT WARNING * * *
The neqoxec hits you.
* * * LOW HITPOINT WARNING * * *
You slash the neqoxec!
The neqoxec is heavily wounded.
The crimson imp blinks!
The neqoxec hits you!
You die...

# #5 #+#
#5##.##
#33@5.+
#55##.##
#5 #+# #


You could see 2 neqoxecs, an iron imp, 2 crimson imps, 2 shadow imps and an
ufetubus.

Vanquished Creatures
  2 neqoxecs (D)
2 creatures vanquished.

Vanquished Creatures (others)
  A crocodile (D)
1 creature vanquished.

Grand Total: 3 creatures vanquished

Notes
Turn   | Place    | Note
--------------------------------------------------------------
     0 | D        | Kagutsuchi the Draconian Berserker began the quest for the Orb.
     0 | D        | Reached XP level 1. HP: 19/19 MP: 1/1
     1 | D        | Noticed a neqoxec
     1 | D        | Noticed a neqoxec
     1 | D        | Noticed a neqoxec
     1 | D        | Noticed a neqoxec
     2 | D        | Noticed a quasit
     5 | D        | Noticed an iron imp
     5 | D        | Noticed a crimson imp
     9 | D        | HP: 1/28 [neqoxec (13)]
    10 | D        | Killed a neqoxec
    10 | D        | Reached skill level 7 in Fighting
    10 | D        | Reached XP level 2. HP: 3/34 MP: 2/2
    10 | D        | Reached XP level 3. HP: 3/39 MP: 3/3
    10 | D        | Reached XP level 4. HP: 4/47 MP: 4/4
    15 | D        | HP: 3/70 [neqoxec (2)]
    20 | D        | Killed a neqoxec
    20 | D        | Reached ** piety under Trog
    20 | D        | Reached skill level 8 in Fighting
    20 | D        | Reached XP level 5. HP: 3/56 MP: 5/5
    24 | D        | Killed a crocodile
    26 | D        | Gained mutation: Your magical capacity is low (-10% MP). [a neqoxec]
    30 | D        | HP: 1/56 [neqoxec (2)]
    31 | D        | Mangled by a neqoxec

Skill      XL: |  1  2  3  4 |
---------------+-------------+-----
Fighting       | 7 8 |  8.4
Long Blades    | 6 7 |  7.5
Dodging        | 6 7 |  7.3

Action                   |  1- 3 |  4- 6 || total
-------------------------+-------+-------++-------
Melee: Falchion          |     8 |    20 ||    28
       Tailslap          |       |     3 ||     3
Invok: Berserk           |     1 |       ||     1
  Use: Potion            |       |     1 ||     1
Dodge: Dodged            |     4 |    13 ||    17
